cohdb
Replays
Latest Replays
All Replays
Popular Replays
Top Player Replays
Match Explorer
How It Works
Community
CoH3 Stats
Reddit
Sign in to upload your games and track your stats! →
Sign in with Steam
Match 40905235
Unlisted
Match 40905235
Overview
Messages
Build Orders
End
Construct Barracks
Construct Weapon Support Center
Engineer Squad
M1919 Machine Gun Team
Selects Special Operations Battlegroup
Selects M29 Weasel Recon Vehicle
M29 Weasel Recon Vehicle
M1919 Machine Gun Team
Bazooka Squad
Mechanized Support Center
M3 Armored Personnel Carrier
Selects Raiding Flares
M3 Armored Personnel Carrier
Improvised Armor
Designate Forward Repair Station
Raiding Flares
Construct Tank Depot
Selects SSF Commando Squad
SSF Commando Squad
Raiding Flares
Der schöne Bob
MapSimulatorEnthusiast
Thib_Soldier
L1mbo
Ameer.Warrak
AboGoddeh
Homam
Nebras
0
0
Comments
sign in to comment!
No comments posted yet!